 Dungeon Crawl Stone Soup version 0.19.5 (webtiles) character file.

11360 tricornhat the Basher (level 11, -8/83 HPs)
             Began as a Demonspawn Berserker on Mar 21, 2017.
             Was a High Priest of Trog.
             Mangled by a six-headed hydra (10 damage)
             ... on level 2 of the Lair of Beasts.
             The game lasted 01:19:26 (12864 turns).

tricornhat the Basher (Demonspawn Berserker)       Turns: 12864, Time: 01:19:26

Health: -8/83      AC: 17    Str: 22    XL:     11   Next: 48%
Magic:  12/12      EV: 10    Int:  8    God:    Trog [*****.]
Gold:   565        SH:  4    Dex: 12    Spells: 0 memorised, 10 levels left

rFire  + . .     SeeInvis +     b - +0 morningstar
rCold  + . .     Gourm    .     d - +1 chain mail {rPois}
rNeg   . . .     Faith    .     g - +0 buckler
rPois  +         Spirit   .     s - +0 helmet
rElec  .         Reflect  .     u - +1 cloak
rCorr  .         Harm     .     (no gloves)
MR     .....                    (boots unavailable)
Stlth  ..........               (no amulet)
                                D - ring of see invisible
                                y - ring of protection from fire

@: no status effects
A: hooves 3, molten scales 1, cold resistance 1, spiny 1
a: Berserk, Trog's Hand, Brothers in Arms, Burn Spellbooks, Renounce Religion


You were on level 2 of the Lair of Beasts.
You worshipped Trog.
Trog was extremely pleased with you.
You were not hungry.

You visited 2 branches of the dungeon, and saw 13 of its levels.

You collected 721 gold pieces.
You spent 156 gold pieces at shops.

Inventory:

Hand Weapons
 a - a +1 mace
 b - a +0 morningstar (weapon)
 q - a +7 antimagic lajatang
 w - a +0 morningstar of holy wrath
Armour
 d - a +1 chain mail of poison resistance (worn)
 g - a +0 buckler (worn)
 o - a +1 cloak
 s - a +0 helmet (worn)
 u - a +1 cloak (worn)
Jewellery
 y - a ring of protection from fire (left hand)
 D - a ring of see invisible (right hand)
Wands
 e - a wand of iceblast (1/15)
 v - a wand of digging (13/24)
 A - a wand of flame (17/48)
 B - a wand of lightning (0/15)
 C - a wand of paralysis (6/24)
 G - a wand of flame (24/48)
 I - a wand of digging (14/24)
 K - a wand of confusion (7/48)
Scrolls
 h - a scroll of magic mapping
 l - 3 scrolls of remove curse
 r - 2 scrolls of identify
 L - a scroll of vulnerability {unknown}
Potions
 f - a potion of magic {unknown}
 i - 4 potions of might {unknown}
 j - a potion of lignification {unknown}
 k - a potion of haste {unknown}
 n - 8 potions of curing
 p - 2 potions of agility
 t - a potion of cure mutation {unknown}
 x - a potion of cancellation {unknown}
 z - 3 potions of heal wounds
 E - a potion of ambrosia {unknown}
 F - a potion of degeneration {unknown}
 H - a potion of brilliance {unknown}
 J - a potion of beneficial mutation {unknown}
Comestibles
 c - 4 bread rations
 m - 4 meat rations


   Skills:
 + Level 6.9 Fighting
 * Level 13.0 Maces & Flails
 + Level 6.8 Armour
 + Level 4.4 Dodging
 + Level 3.5 Shields
 + Level 2.1 Evocations


You had 10 spell levels left.
You didn't know any spells.

Dungeon Overview and Level Annotations

Branches:
Dungeon (11/15)            Temple (0/1) D:5            Lair (2/6) D:11
    Orc (0/2) D:11
  Swamp: Lair:2-4    Shoals: Lair:2-4     Snake: Lair:2-4    Spider: Lair:2-4

Altars:
Ashenzari
Elyvilon
Fedhas
Gozag
Makhleb
Xom
Yredelemnul
The Shining One

Shops:
D:8 (=*!   D:11 *


Innate Abilities, Weirdness & Mutations

You have hooves in place of feet.
You are partially covered in molten scales. (AC +2)
Your flesh is cold resistant. (rC+)
You are partially covered in sharp spines.


Message History

The six-headed hydra is almost dead.
You hit the six-headed hydra.
You kick the six-headed hydra, but do no damage.
The six-headed hydra is almost dead.
The six-headed hydra bites you.
* * * LOW HITPOINT WARNING * * *
The six-headed hydra misses you.
The six-headed hydra closely misses you.
The six-headed hydra bites you but does no damage.
The six-headed hydra barely misses you.
You block the six-headed hydra's attack.
You puncture the six-headed hydra!
The six-headed hydra is almost dead.
The six-headed hydra bites you but does no damage.
The six-headed hydra bites you!
* * * LOW HITPOINT WARNING * * *
The six-headed hydra bites you.
* * * LOW HITPOINT WARNING * * *
The six-headed hydra bites you!
You die...

#..... #.... .###..
##..... #....# ## ## #
.+#..##. ### ##+.##.#
.......###.## #.....#
.......+....###D....##
.......#........@....#
.........#.#..+.........
.......#######......#.##
...#...##.# ###.#+P#
..........# ### .#
#.##...P+### .
##.........# #
#..........#
##(........##


You could see a six-headed hydra.

Vanquished Creatures
  A hill giant (D:11)
  Pikel (D:9)
  Maurice (D:8)
  The ghost of North the Changer, a novice MfTm (D:4)
  A spiny frog (Lair:1)
  The ghost of North the Changer, a novice MfTm of Cheibriados (D:5)
  A kobold demonologist (D:8)
  2 komodo dragons (Lair:1)
  A queen bee (D:9)
  A two-headed ogre (D:8)
  A hippogriff (D:10)
  6 yaks (D:9)
  2 basilisks (Lair:1)
  Grum (D:8)
  2 hungry ghosts
  Menkaure (D:6)
  A water moccasin (Lair:1)
  Duvessa (D:6)
  3 sky beasts
  2 porcupines (Lair:1)
  An orc warrior (D:11)
  A black bear (D:6)
  3 phantoms
  5 ogres
  3 ice beasts
  4 wolves
  7 centaurs
  A crocodile (Lair:1)
  8 bullfrogs
  9 big kobolds
  A wyvern skeleton (D:8)
  3 scorpions
  Dowan (D:6)
  3 wights (D:9)
  10 killer bees (D:9)
  3 howler monkeys
  3 crimson imps
  2 centaur zombies
  A jelly (D:8)
  3 hounds
  9 orc wizards
  4 orc priests
  3 centaur skeletons
  Ijyb (D:2)
  A bullfrog skeleton (D:7)
  8 worker ants
  2 iguanas
  A killer bee zombie (D:8)
  2 worker ant zombies
  A howler monkey zombie (D:9)
  Robin (D:3)
  A howler monkey skeleton (D:11)
  15 adders
  7 gnolls
  A river rat (D:11)
  An ooze (D:5)
  An adder skeleton (D:4)
  An adder zombie (D:5)
  3 worms
  5 leopard geckos
  39 orcs
  8 giant cockroaches
  12 goblins
  12 hobgoblins
  2 jackals (D:3)
  12 kobolds
  4 quokkas
  2 ball pythons (D:2)
  13 bats
  8 frilled lizards
  2 leopard gecko skeletons
  A leopard gecko zombie (D:8)
  A quokka skeleton (D:4)
  20 rats
  A spectral orc (D:9)
308 creatures vanquished.

Vanquished Creatures (others)
  12 plants (D:9)
12 creatures vanquished.

Grand Total: 320 creatures vanquished

Notes
Turn   | Place    | Note
-------+----------+-------------------------------------------
     0 | D:1      | tricornhat the Demonspawn Berserker began the quest for the Orb.
     0 | D:1      | Reached XP level 1. HP: 18/18 MP: 1/1
   227 | D:1      | Reached skill level 3 in Maces & Flails
   245 | D:1      | Gained mutation: You have large cloven feet. [demonic ancestry]
   245 | D:1      | Reached XP level 2. HP: 24/24 MP: 2/2
   920 | D:2      | Noticed Ijyb
   958 | D:2      | Killed Ijyb
   958 | D:2      | Gained mutation: You have hoof-like feet. [demonic ancestry]
   958 | D:2      | Reached XP level 3. HP: 15/29 MP: 3/3
  1411 | D:2      | Reached XP level 4. HP: 24/36 MP: 4/4
  1775 | D:2      | Found a faded altar of an unknown god.
  2056 | D:3      | Reached ** piety under Trog
  2417 | D:3      | Found an opulent altar of Gozag.
  2503 | D:3      | Found a shattered altar of Ashenzari.
  2547 | D:3      | Reached skill level 4 in Maces & Flails
  2583 | D:3      | Noticed Robin
  2602 | D:3      | Gained mutation: You are partially covered in sharp spines. [demonic ancestry]
  2602 | D:3      | Reached XP level 5. HP: 38/41 MP: 5/5
  2620 | D:3      | Killed Robin
  3751 | D:4      | Reached XP level 6. HP: 47/48 MP: 6/6
  3787 | D:4      | Reached skill level 5 in Maces & Flails
  3912 | D:4      | Noticed a sky beast
  3930 | D:4      | Killed a sky beast
  3930 | D:4      | Reached *** piety under Trog
  3946 | D:4      | Gained mutation: You are partially covered in molten scales. (AC +2) [demonic ancestry]
  3946 | D:4      | Reached XP level 7. HP: 51/54 MP: 7/7
  4157 | D:4      | Noticed North's ghost (novice MfTm)
  4176 | D:4      | Killed North's ghost
  4176 | D:4      | Reached skill level 6 in Maces & Flails
  4176 | D:4      | Reached skill level 1 in Shields
  4193 | D:4      | Reached XP level 8. HP: 32/61 MP: 8/8
  4681 | D:5      | Entered Level 5 of the Dungeon
  4682 | D:5      | Noticed North's ghost (novice MfTm)
  4829 | D:5      | Reached skill level 7 in Maces & Flails
  5090 | D:5      | Found a staircase to the Ecumenical Temple.
  5304 | D:5      | Killed North's ghost
  5304 | D:5      | Reached skill level 5 in Fighting
  5304 | D:5      | Reached skill level 8 in Maces & Flails
  5642 | D:6      | Noticed Menkaure
  5659 | D:6      | Killed Menkaure
  5659 | D:6      | Gained mutation: You have hooves in place of feet. [demonic ancestry]
  5659 | D:6      | Reached XP level 9. HP: 28/68 MP: 9/9
  5902 | D:6      | Noticed Duvessa
  5903 | D:6      | Noticed Dowan
  5911 | D:6      | Killed Dowan
  5927 | D:6      | Killed Duvessa
  6075 | D:6      | Reached **** piety under Trog
  6183 | D:6      | Reached skill level 9 in Maces & Flails
  6394 | D:6      | Received a gift from Trog
  6551 | D:7      | Reached skill level 5 in Armour
  7090 | D:7      | Reached skill level 1 in Evocations
  7224 | D:8      | Noticed a kobold demonologist
  7226 | D:8      | Noticed a rust devil
  7231 | D:8      | Found Guywis's General Store.
  7253 | D:8      | HP: 3/68 [worker ant (7)]
  7473 | D:8      | Noticed a sun demon
  7481 | D:8      | Killed a kobold demonologist
  7481 | D:8      | Reached skill level 10 in Maces & Flails
  7788 | D:8      | Found Athriyhewk's Distillery.
  7793 | D:8      | Bought a potion of curing for 39 gold pieces
  7793 | D:8      | Bought a potion of curing for 39 gold pieces
  7793 | D:8      | Bought a potion of curing for 39 gold pieces
  7793 | D:8      | Bought a potion of curing for 39 gold pieces
  7975 | D:8      | Found a blossoming altar of Fedhas.
  8020 | D:8      | Got a warped glass ring
  8022 | D:8      | Identified the cursed ring of Pefexitt {AC-3 Str+4} (You found it on level 8 of the Dungeon)
  8068 | D:8      | Gained mutation: Your flesh is cold resistant. (rC+) [demonic ancestry]
  8068 | D:8      | Reached XP level 10. HP: 76/76 MP: 10/10
  8084 | D:8      | Noticed Grum
  8115 | D:8      | Reached ***** piety under Trog
  8131 | D:8      | Killed Grum
  8518 | D:8      | Noticed Maurice
  8536 | D:8      | Killed Maurice
  8600 | D:8      | Found Dupoany's Weapon Emporium.
  8621 | D:8      | Reached skill level 11 in Maces & Flails
  8737 | D:8      | Found Ihywoi's Jewellery Emporium.
  9135 | D:8      | Found a white marble altar of Elyvilon.
  9605 | D:9      | Received a gift from Trog
  9605 | D:9      | Reached skill level 12 in Maces & Flails
  9983 | D:9      | Found a glowing golden altar of the Shining One.
  9984 | D:9      | Noticed Pikel
 10000 | D:9      | Paralysed by Pikel for 6 turns
 10013 | D:9      | Killed Pikel
 10013 | D:9      | Reached XP level 11. HP: 48/83 MP: 12/12
 10020 | D:9      | Found a burning altar of Makhleb.
 10309 | D:9      | Found a shimmering altar of Xom.
 10309 | D:9      | Found a shimmering altar of Xom.
 10311 | D:9      | Found a shimmering altar of Xom.
 10547 | D:9      | Found a basalt altar of Yredelemnul.
 10597 | D:10     | Entered Level 10 of the Dungeon
 11464 | D:11     | Found Xomo's Assorted Antiques.
 11617 | D:11     | Noticed a hill giant
 11630 | D:11     | Killed a hill giant
 11746 | D:11     | Found a staircase to the Lair.
 11790 | D:11     | Found a staircase to the Orcish Mines.
 11894 | Lair:1   | Entered Level 1 of the Lair of Beasts
 12763 | Lair:1   | Reached skill level 13 in Maces & Flails
 12853 | Lair:2   | Noticed a six-headed hydra
 12864 | Lair:2   | HP: 2/83 [six-headed hydra (6)]
 12864 | Lair:2   | Mangled by a six-headed hydra

Skill      XL: |  1  2  3  4  5  6  7  8  9 10 11 |
---------------+----------------------------------+-----
Maces & Flails | 3 4 5 6 8 10 12 13 | 13.0
Armour         | 2 3 4 5 6 |  6.8
Dodging        | 2 3 4 |  4.4
Fighting       | 4 5 6 |  6.9
Shields        | 1 2 3 |  3.5
Evocations     | 1 2 |  2.1

Action                   |  1- 3 |  4- 6 |  7- 9 | 10-12 || total
-------------------------+-------+-------+-------+-------++-------
Melee: Mace              |   131 |   171 |   351 |   260 ||   913
       Kick              |    27 |    41 |   111 |   134 ||   313
       Morningstar       |       |       |       |   177 ||   177
Invok: Berserk           |       |     2 |     3 |     1 ||     6
       Burn Spellbooks   |       |       |     1 |       ||     1
Evoke: Wand              |       |       |     8 |    10 ||    18
  Use: Potion            |     1 |       |     4 |     1 ||     6
       Scroll            |       |     4 |    12 |     4 ||    20
  Eat: Chunk             |     2 |     9 |     7 |     6 ||    24
       Beef jerky        |       |       |     2 |     1 ||     3
       Bread ration      |       |       |     2 |     2 ||     4
       Fruit             |       |       |       |     4 ||     4
Armor: Animal skin       |     5 |       |       |       ||     5
       Ring mail         |    33 |    45 |       |       ||    78
       Scale mail        |       |    11 |   110 |    30 ||   151
       Chain mail        |       |       |       |   142 ||   142
Dodge: Dodged            |    75 |   106 |   135 |   154 ||   470
Block: Buckler           |       |    21 |    55 |    71 ||   147
